 Dungeon Crawl Stone Soup version 0.19.1-1-g22dce08 (console) character file.

114 Grinner the Ruffian (level 4, -6/35 HPs)
             Began as a Minotaur Transmuter on Jan 15, 2017.
             Mangled by a gnoll (7 damage)
             ... on level 3 of the Dungeon.
             The game lasted 00:06:16 (2167 turns).

Grinner the Ruffian (Minotaur Transmuter)           Turns: 2167, Time: 00:06:17

Health: -6/35      AC:  7    Str: 14    XL:     4   Next: 67%
Magic:  4/5        EV: 12    Int: 10    God:
Gold:   115        SH:  3    Dex: 12    Spells: 1 memorised, 5 levels left

rFire  . . .     SeeInvis .       - Unarmed
rCold  . . .     Gourm    .     b - +0 robe
rNeg   . . .     Faith    .     n - +0 buckler
rPois  .         Spirit   .     (helmet restricted)
rElec  .         Reflect  .     i - +2 cloak
rCorr  .         Harm     .     (no gloves)
MR     .....                    (no boots)
Stlth  +.........               (no amulet)
                                (no ring)
                                e - +2 ring of protection

@: very slightly contaminated
A: retaliatory headbutt, horns 2
a: no special abilities


You were on level 3 of the Dungeon.
You were not hungry.

You visited 1 branch of the dungeon, and saw 3 of its levels.

You collected 115 gold pieces.

Inventory:

Missiles
 a - 12 arrows
Armour
 b - a +0 robe (worn)
 i - a +2 cloak (worn)
 n - a +0 buckler (worn)
Jewellery
 e - a +2 ring of protection (left hand)
 h - a cursed ring of loudness {unknown}
Scrolls
 g - 2 scrolls of teleportation
 k - a scroll of amnesia
 m - 2 scrolls of remove curse
Books
 c - a book of Changes

   Spells                             Type                      Level
   a - Beastly Appendage              Transmutation                1
   b - Sticks to Snakes               Transmutation                2
   c - Spider Form                    Transmutation/Poison         3
   d - Ice Form                       Ice/Transmutation            4
   e - Blade Hands                    Transmutation                5
Comestibles
 d - a bread ration
 f - 2 beef jerkies


   Skills:
 - Level 1.2 Fighting
 * Level 3.4 Dodging
 + Level 1.2 Shields
 + Level 3.7 Unarmed Combat
 + Level 1.5 Spellcasting
 * Level 2.9 Transmutations


You had 5 spell levels left.
You knew the following spells:

 Your Spells              Type           Power        Failure   Level  Hunger
z - Beastly Appendage     Tmut           #.....       17%         1    ##.....


Dungeon Overview and Level Annotations

Branches:
Dungeon (3/15)

Altars:


Innate Abilities, Weirdness & Mutations

You reflexively headbutt those who attack you in melee.
You have a pair of horns on your head.


Message History

You miscast Beastly Appendage.
You are very lightly contaminated with residual magic.
Your skin tingles.
The gnoll hits you.
* * * LOW HITPOINT WARNING * * *
The gnoll hits you but does no damage.
You barely miss the gnoll.
The gnoll is heavily wounded.
The gnoll barely misses you.
You closely miss the gnoll.
The gnoll is heavily wounded.
The gnoll hits you.
* * * LOW HITPOINT WARNING * * *
You hit the gnoll.
The gnoll is severely wounded.
The gnoll hits you!
* * * LOW HITPOINT WARNING * * *
You hit the gnoll but do no damage. Your headbutt misses the gnoll.
The gnoll is severely wounded.
The gnoll hits you!
You die...

....##.#.# #..#
#....# ..#..).#.#
####..###....#
.##..#.#.#
#............# .
#..#...#
#.##.####...## .
#..#<..# #.##.#
##### .##..#...#
#.##.# .......†.#
#.##.#
.##..#..######.##.#
. #..#..).....gg@.#
#..##.######.####
##.....######.#
...............#
#####..†########
#...# ......
###...# #....


You could see 2 gnolls.

Vanquished Creatures
  Crazy Yiuf (D:3)
  2 gnolls (D:3)
  An adder (D:2)
  A worm (D:3)
  2 leopard geckos
  4 orcs (D:3)
  3 giant cockroaches
  2 goblins (D:1)
  4 hobgoblins
  5 jackals (D:1)
  A quokka (D:2)
  A ball python (D:3)
  9 bats
  9 frilled lizards (D:2)
  2 kobolds (D:1)
  2 rats
49 creatures vanquished.

Notes
Turn   | Place    | Note
-------+----------+-------------------------------------------
     0 | D:1      | Grinner the Minotaur Transmuter began the quest for the Orb.
     0 | D:1      | Reached XP level 1. HP: 16/16 MP: 1/1
    98 | D:1      | Reached XP level 2. HP: 14/23 MP: 3/3
   941 | D:2      | Reached XP level 3. HP: 28/28 MP: 2/4
  2014 | D:3      | Found a runed door.
  2018 | D:3      | Noticed Crazy Yiuf
  2029 | D:3      | Killed Crazy Yiuf
  2029 | D:3      | Reached skill level 1 in Shields
  2029 | D:3      | Reached XP level 4. HP: 12/35 MP: 3/5
  2166 | D:3      | HP: 1/35 [gnoll (8)]
  2167 | D:3      | Mangled by a gnoll

Skill      XL: |  1  2  3 |
---------------+----------+-----
Transmutations | 2 |  2.9
Dodging        | 3 |  3.4
Shields        | 1 |  1.2
Fighting       | |  1.2
Unarmed Combat | |  3.7
Spellcasting   | |  1.5

Action                   |  1- 3 |  4- 6 || total
-------------------------+-------+-------++-------
Melee: Unarmed           |   143 |    17 ||   160
       Headbutt          |    18 |     4 ||    22
       Kick              |     4 |       ||     4
 Cast: Beastly Appendage |     3 |       ||     3
  Use: Scroll            |     5 |       ||     5
       Potion            |     3 |     1 ||     4
 Stab: Sleeping          |     1 |       ||     1
  Eat: Chunk             |     3 |       ||     3
       Bread ration      |       |     1 ||     1
Armor: Robe              |    37 |     5 ||    42
Dodge: Dodged            |    93 |    11 ||   104
Block: Buckler           |    10 |       ||    10
